MWL (24 & UNDER)
COLUMBIA 08S @ BEMIDJI BENDERS
08/10/2026
 
TOP OF THE 1ST
Columbia 08s batting - Pitching for Bemidji Benders : LHP Justin Short
Pitching: LHP Justin Short
Batting: RHB Ben Barker 0-0: Foul Ball, location: 2F
0-1: Foul Ball, location: 2F
0-2: Ground out 5-3 (Groundball, 5S)
Batting: RHB Carlos López 0-0: Fly out, F9 (Flyball, 9M)
Batting: RHB Casey Fox 0-0: Fly out, F9 (Line Drive, 89M)
Top of the 1st over - 0 run(s), 0 hit(s), 0 error(s), 0 left on base; Columbia 0 - Bemidji 0
BOTTOM OF THE 1ST
Bemidji Benders batting - Pitching for Columbia 08s : RHP Charles Palmeiro
Pitching: RHP Charles Palmeiro
Batting: RHB Ramón Padilla 0-0: Ball
1-0: Fly out, F7 (Flyball, 78D)
Batting: SHB Dave Henley 0-0: Ball
1-0: Fly out, F8 (Flyball, 8RXD)
Batting: LHB Todd Anderson 0-0: Ball
1-0: Ball
2-0: Called Strike
2-1: Called Strike
2-2: Foul Ball, location: 2F
2-2: Ball
3-2: Strikes out swinging
Bottom of the 1st over - 0 run(s), 0 hit(s), 0 error(s), 0 left on base; Columbia 0 - Bemidji 0
TOP OF THE 2ND
Columbia 08s batting - Pitching for Bemidji Benders : LHP Justin Short
Batting: RHB Chris Burrell 0-0: Fly out, F4 (Line Drive, 4)
Batting: RHB Jaime Hernández 0-0: Ball
1-0: Called Strike
1-1: Ball
2-1: Called Strike
2-2: Strikes out looking
Batting: RHB Tom Hicks 0-0: Ball
1-0: Called Strike
1-1: Ball
2-1: Ball
3-1: Base on Balls
Batting: LHB Francisco Gonzáles 0-0: Fly out, F8 (Popup, 6MD)
Top of the 2nd over - 0 run(s), 0 hit(s), 0 error(s), 1 left on base; Columbia 0 - Bemidji 0
BOTTOM OF THE 2ND
Bemidji Benders batting - Pitching for Columbia 08s : RHP Charles Palmeiro
Batting: SHB Conan Hanson 0-0: Ball
1-0: Ball
2-0: Ball
3-0: Base on Balls
Batting: LHB Bruce Foster 0-0: Ball
1-0: Called Strike
1-1: Called Strike
1-2: Foul Ball, location: 2F
1-2: Ball
2-2: Ball
3-2: Strikes out looking
Conan Hanson is caught stealing 2nd base
Batter strikes out.
Batting: RHB Aaron Washington 0-0: Ball
1-0: Swinging Strike
1-1: Fly out, F9 (Flyball, 9M)
Bottom of the 2nd over - 0 run(s), 0 hit(s), 0 error(s), 0 left on base; Columbia 0 - Bemidji 0
TOP OF THE 3RD
Columbia 08s batting - Pitching for Bemidji Benders : LHP Justin Short
Batting: RHB Bernardo Corona 0-0: Ball
1-0: Foul Ball, location: 2F
1-1: Ball
2-1: Foul Ball, location: 2F
2-2: Foul Ball, location: 2F
2-2: Foul Ball, location: 2F
2-2: Strikes out looking
Batting: RHB Juan Trujillo 0-0: Ball
1-0: Called Strike
1-1: Ground out 3-1 (Groundball, 23)
Batting: RHB Ben Barker 0-0: SINGLE (Flyball, 6D)
Batting: RHB Carlos López 0-0: Ball
1-0: Called Strike
1-1: Ball
2-1: Ball
3-1: Called Strike
3-2: Fly out, F4 (Popup, 4MD)
Top of the 3rd over - 0 run(s), 1 hit(s), 0 error(s), 1 left on base; Columbia 0 - Bemidji 0
BOTTOM OF THE 3RD
Bemidji Benders batting - Pitching for Columbia 08s : RHP Charles Palmeiro
Batting: LHB Simão Polido 0-0: Bunt for hit - play at first, batter OUT! 5-3
Batting: LHB Carlos De La Rosa 0-0: Foul Ball, location: 2F
0-1: Ball
1-1: DOUBLE (Line Drive, 9LM)
Batting: RHB Roberto Solís 0-0: Ball
Carlos De La Rosa is caught stealing 3rd base
1-0: Foul Ball, location: 2F
1-1: Foul Ball, location: 2F
1-2: Foul Ball, location: 2F
1-2: Ball
2-2: Strikes out swinging
Bottom of the 3rd over - 0 run(s), 1 hit(s), 0 error(s), 0 left on base; Columbia 0 - Bemidji 0
TOP OF THE 4TH
Columbia 08s batting - Pitching for Bemidji Benders : LHP Justin Short
Batting: RHB Casey Fox 0-0: Ground out 2-3 (Groundball, 25)
Batting: RHB Chris Burrell 0-0: Called Strike
0-1: Ball
1-1: Ball
2-1: Swinging Strike
2-2: Foul Ball, location: 2F
2-2: Strikes out swinging
Batting: RHB Jaime Hernández 0-0: Ground out 4-3 (Groundball, 13)
Top of the 4th over - 0 run(s), 0 hit(s), 0 error(s), 0 left on base; Columbia 0 - Bemidji 0
BOTTOM OF THE 4TH
Bemidji Benders batting - Pitching for Columbia 08s : RHP Charles Palmeiro
Batting: RHB Ramón Padilla 0-0: Foul Ball, location: 2F
0-1: SINGLE (Line Drive, 56)
Batting: SHB Dave Henley 0-0: Ball
1-0: SINGLE (Groundball, 34D)
Ramón Padilla to second
Runner from 2nd tries for 3rd, SAFE, no throw or cutoff
Batting: LHB Todd Anderson 0-0: SINGLE (Line Drive, 9LS)
Ramón Padilla scores
Dave Henley to second
Runner from 2nd tries for 3rd, SAFE, throw made to third
Batting: SHB Conan Hanson 0-0: Ball
1-0: 3-RUN HOME RUN (Flyball, 9D), Distance : 363 ft
Batting: LHB Bruce Foster 0-0: Swinging Strike
0-1: SINGLE (Line Drive, 9S)
Batting: RHB Aaron Washington 0-0: Fly out, F7 (Flyball, 7M)
Batting: LHB Simão Polido 0-0: Ball
1-0: Foul Ball, location: 2F
1-1: Foul Ball, location: 2F
1-2: Ball
2-2: Strikes out swinging
Batting: LHB Carlos De La Rosa 0-0: Ball
1-0: Called Strike
1-1: Ball
2-1: Ball
3-1: Ground out U3 (Groundball, 3S)
Bottom of the 4th over - 4 run(s), 5 hit(s), 0 error(s), 1 left on base; Columbia 0 - Bemidji 4
TOP OF THE 5TH
Columbia 08s batting - Pitching for Bemidji Benders : LHP Justin Short
Batting: RHB Tom Hicks 0-0: SINGLE (Line Drive, 9LS)
Batting: LHB Francisco Gonzáles 0-0: Called Strike
0-1: Foul Ball, location: 2F
0-2: Ball
1-2: Strikes out swinging
Batting: RHB Bernardo Corona 0-0: Ball
1-0: Called Strike
1-1: Ball
2-1: Foul Ball, location: 2F
2-2: SINGLE (Line Drive, 9S)
Tom Hicks to second
Batting: RHB Juan Trujillo 0-0: Ball
1-0: Ball
2-0: Ball
3-0: Base on Balls
Tom Hicks to third
Bernardo Corona to second
Batting: RHB Ben Barker 0-0: Ball
1-0: Foul Ball, location: 2F
1-1: Ball
2-1: Ball
3-1: Foul Ball, location: 2F
3-2: Base on Balls
Tom Hicks scores
Bernardo Corona to third
Juan Trujillo to second
Batting: RHB Carlos López 0-0: Swinging Strike
0-1: Foul Ball, location: 2F
0-2: Ball
1-2: Ball
2-2: Ball
3-2: Fielders Choice at 2nd, 6-4 (Groundball, 6)
Bernardo Corona scores
Juan Trujillo to third
Batting: RHB Casey Fox 0-0: Foul Ball, location: 2F
0-1: Ball
1-1: SINGLE (Line Drive, 6MD)
Juan Trujillo scores
Carlos López to second
Batting: RHB Chris Burrell 0-0: Ball
1-0: Ground out 6-3 (Groundball, 6)
Top of the 5th over - 3 run(s), 3 hit(s), 0 error(s), 2 left on base; Columbia 3 - Bemidji 4
BOTTOM OF THE 5TH
Bemidji Benders batting - Pitching for Columbia 08s : RHP Charles Palmeiro
Batting: RHB Roberto Solís 0-0: Foul Ball, location: 2F
0-1: Foul Ball, location: 2F
0-2: Ball
1-2: Ball
2-2: SINGLE (Groundball, 34D)
Batting: RHB Ramón Padilla 0-0: Called Strike
0-1: Ball
1-1: Grounds into double play, 6-4-3 (Groundball, 6)
Batting: SHB Dave Henley 0-0: SINGLE (Line Drive, 78S)
Batting: LHB Todd Anderson 0-0: Called Strike
0-1: Ball
1-1: Ball
2-1: Foul Ball, location: 2F
2-2: SINGLE (Groundball, 34D)
Dave Henley to second
Runner from 2nd tries for 3rd, SAFE, throw made to third
Batting: SHB Conan Hanson 0-0: Called Strike
0-1: Swinging Strike
0-2: DOUBLE (Flyball, 89M)
Dave Henley scores
Todd Anderson to third
Runner from 3rd tries for Home, SAFE, no throw or cutoff
Batting: LHB Bruce Foster 0-0: Foul Ball, location: 2F
0-1: Ball
1-1: Ground out 4-3 (Groundball, 4)
Bottom of the 5th over - 2 run(s), 4 hit(s), 0 error(s), 1 left on base; Columbia 3 - Bemidji 6
TOP OF THE 6TH
Columbia 08s batting - Pitching for Bemidji Benders : LHP Justin Short
Batting: RHB Jaime Hernández 0-0: Foul Ball, location: 2F
0-1: Ball
1-1: Ground out 4-3 (Groundball, 4M)
Batting: RHB Tom Hicks 0-0: Ball
1-0: Ground out 4-3 (Groundball, 4M)
Batting: LHB Francisco Gonzáles 0-0: Called Strike
0-1: Ground out 6-3 (Groundball, 6)
Top of the 6th over - 0 run(s), 0 hit(s), 0 error(s), 0 left on base; Columbia 3 - Bemidji 6
BOTTOM OF THE 6TH
Bemidji Benders batting - Pitching for Columbia 08s : RHP Charles Palmeiro
Batting: RHB Aaron Washington 0-0: Ground out 6-3 (Groundball, 6M)
Batting: LHB Simão Polido 0-0: Ball
1-0: Ball
2-0: Ball
3-0: Called Strike
3-1: TRIPLE (Line Drive, 9LS)
Batting: LHB Carlos De La Rosa 0-0: Called Strike
0-1: Ball
1-1: Ball
2-1: Ball
3-1: Base on Balls
Pitching: LHP Henny van der Lack
Batting: RHB Roberto Solís 0-0: Ball
1-0: Ball
2-0: Called Strike
2-1: Foul Ball, location: 2F
2-2: Fly out, F1 (Line Drive, 13)
Batting: RHB Ramón Padilla 0-0: Called Strike
0-1: Swinging Strike
0-2: Ball
1-2: Strikes out swinging
Bottom of the 6th over - 0 run(s), 1 hit(s), 0 error(s), 2 left on base; Columbia 3 - Bemidji 6
TOP OF THE 7TH
Columbia 08s batting - Pitching for Bemidji Benders : LHP Justin Short
Batting: RHB Bernardo Corona 0-0: Ball
1-0: Called Strike
1-1: Called Strike
1-2: Fly out, F8 (Flyball, 8RXD)
Batting: RHB Juan Trujillo 0-0: Foul Ball, location: 2F
0-1: Ball
1-1: Foul Ball, location: 2F
1-2: Strikes out looking
Batting: RHB Ben Barker 0-0: Ball
1-0: SINGLE (Groundball, 6D)
Pitching: RHP Travis Davis
Batting: RHB Carlos López 0-0: Called Strike
Ben Barker steals 2nd base
0-1: Foul Ball, location: 2F
0-2: Foul Ball, location: 2F
0-2: Ball
1-2: Strikes out swinging
Top of the 7th over - 0 run(s), 1 hit(s), 0 error(s), 1 left on base; Columbia 3 - Bemidji 6
BOTTOM OF THE 7TH
Bemidji Benders batting - Pitching for Columbia 08s : LHP Henny van der Lack
Batting: SHB Dave Henley 0-0: Ground out 5-3 (Groundball, 56)
Batting: LHB Todd Anderson 0-0: Called Strike
0-1: Fly out, F7 (Flyball, 7M)
Batting: SHB Conan Hanson 0-0: Foul Ball, location: 2F
0-1: Foul Ball, location: 2F
0-2: Foul Ball, location: 2F
0-2: Ball
1-2: Strikes out swinging
Bottom of the 7th over - 0 run(s), 0 hit(s), 0 error(s), 0 left on base; Columbia 3 - Bemidji 6
TOP OF THE 8TH
Columbia 08s batting - Pitching for Bemidji Benders : RHP Travis Davis
Batting: RHB Casey Fox 0-0: Called Strike
0-1: SINGLE (Flyball, 89S)
Batting: RHB Chris Burrell 0-0: Ball
1-0: Ball
2-0: Swinging Strike
2-1: Foul Ball, location: 2F
2-2: SINGLE (Groundball, 23) (infield hit)
Casey Fox to second
Batting: RHB Jaime Hernández 0-0: Ball
1-0: Called Strike
1-1: Foul Ball, location: 2F
1-2: Fly out, F8 (Flyball, 8LM)
Batting: RHB Tom Hicks 0-0: Ball
1-0: Foul Ball, location: 2F
1-1: Called Strike
1-2: Strikes out swinging
Pitching: LHP Pedro González
Batting: LHB Francisco Gonzáles 0-0: Ball
1-0: Called Strike
1-1: Swinging Strike
1-2: Strikes out swinging
Top of the 8th over - 0 run(s), 2 hit(s), 0 error(s), 2 left on base; Columbia 3 - Bemidji 6
BOTTOM OF THE 8TH
Bemidji Benders batting - Pitching for Columbia 08s : LHP Henny van der Lack
Batting: LHB Bruce Foster 0-0: Ball
1-0: Ball
2-0: Foul Ball, location: 2F
2-1: Foul Ball, location: 2F
2-2: Ball
3-2: Ground out 4-3 (Groundball, 4)
Pitching: RHP Ignacio Medina
Batting: RHB Aaron Washington 0-0: Foul Ball, location: 2F
0-1: Ball
1-1: Swinging Strike
1-2: Foul Ball, location: 2F
1-2: Strikes out swinging
Batting: LHB Simão Polido 0-0: Ball
1-0: Ball
2-0: Ground out 3-1 (Groundball, 3L)
Bottom of the 8th over - 0 run(s), 0 hit(s), 0 error(s), 0 left on base; Columbia 3 - Bemidji 6
TOP OF THE 9TH
Columbia 08s batting - Pitching for Bemidji Benders : LHP Pedro González
Pitching: RHP Miguel Delvalle
Batting: RHB Bernardo Corona 0-0: SINGLE (Groundball, 34)
Batting: RHB Juan Trujillo 0-0: Ball
1-0: 2-RUN HOME RUN (Flyball, 8LXD), Distance : 432 ft
Batting: RHB Ben Barker 0-0: Ball
1-0: Ball
2-0: Called Strike
2-1: Ground out 5-3 (Groundball, 5)
Pinch Hitting: LHB Ramiro Muñóz 0-0: Fly out, F7 (Flyball, 78XD)
Batting: RHB Casey Fox 0-0: Ball
1-0: Ball
2-0: Ground out 5-3 (Groundball, 15S)
Top of the 9th over - 2 run(s), 2 hit(s), 0 error(s), 0 left on base; Columbia 5 - Bemidji 6
Monday, December 5th, 2016 - OOTP Baseball 17.12 Build 75